 Dungeon Crawl Stone Soup version 0.20-a0-3-g334f831 (webtiles) character file.

1904 dobroeutro the Ruffian (level 8, -2/81 HPs)
             Began as a Troll Monk on Oct 30, 2016.
             Was a Believer of Cheibriados.
             Slain by a gnoll
             ... wielding a +0 spear
              (10 damage)
             ... on level 6 of the Dungeon.
             The game lasted 00:07:34 (4462 turns).

dobroeutro the Ruffian (Troll Monk)                 Turns: 4462, Time: 00:07:35

Health: -2/81      AC:  5    Str: 27    XL:     8   Next: 94%
Magic:  7/7        EV: 13    Int: 11    God:    Cheibriados [**....]
Gold:   252        SH:  0    Dex: 17    Spells: 0 memorised, 7 levels left

rFire  . . .     SeeInvis .       - Unarmed
rCold  . . .     Gourm    +     a - +0 robe
rNeg   . . .     Faith    .     (no shield)
rPois  .         Spirit   .     (helmet restricted)
rElec  .         Reflect  .     (no cloak)
rCorr  .         Harm     +     (gloves unavailable)
MR     .....                    (boots unavailable)
Stlth  ++........               g - amulet of harm
                                (no ring)
                                (no ring)

@: very slow
A: unfitting armour, claws 3, fast metabolism 3, gourmand, regeneration 1,
shaggy fur 1, tough skin 2
a: Bend Time, Renounce Religion


You were on level 6 of the Dungeon.
You worshipped Cheibriados.
Cheibriados was pleased with you.
You were completely stuffed.

You visited 2 branches of the dungeon, and saw 7 of its levels.

You collected 297 gold pieces.
You spent 45 gold pieces at shops.

Inventory:

Armour
 a - a +0 robe (worn)
Jewellery
 g - an amulet of harm (around neck)
Wands
 q - a wand of random effects (42/48)
 r - a wand of flame (28/48)
 u - a wand of polymorph (11/24)
Scrolls
 c - 3 scrolls of teleportation
 e - 3 scrolls of recharging
 f - 2 scrolls of blinking
 h - 2 scrolls of magic mapping
 i - 3 scrolls of identify
 v - a scroll of remove curse
Potions
 j - a potion of invisibility
 k - 4 potions of curing
 l - a potion of mutation {unknown}
 m - a potion of resistance {unknown}
 o - 2 potions of brilliance {unknown}
 p - 3 potions of ambrosia {unknown}
 t - a potion of heal wounds {unknown}
 w - 2 potions of lignification {unknown}
Comestibles
 b - 3 bread rations
 d - a beef jerky
 n - a royal jelly
 s - a meat ration


   Skills:
 + Level 5.4 Fighting
 + Level 4.4 Armour
 + Level 5.5 Dodging
 - Level 1.0 Stealth
 + Level 6.6 Unarmed Combat


You had 7 spell levels left.
You didn't know any spells.

Dungeon Overview and Level Annotations

Branches:
Dungeon (6/15)             Temple (1/1) D:6

Altars:
Ashenzari
Cheibriados
Dithmenos
Elyvilon
Fedhas
Gozag
Hepliaklqana
Kikubaaqudgha
Makhleb
Nemelex Xobeh
Qazlal
Sif Muna
Trog
Uskayaw
Xom
Yredelemnul
Zin
The Shining One

Shops:
D:5 ?


Innate Abilities, Weirdness & Mutations

You are too large for most types of armour.
You have claws for hands.
Your metabolism is lightning-fast.
You like to eat raw meat.
Your natural rate of healing is unusually fast.
You are covered in fur. (AC +1)
You have very tough skin. (AC +2)


Message History

Things that are here:
a spear of pain; a scale mail You mangle the gnoll!!
You kill the gnoll!
Cheibriados appreciates the change of pace.
The gnoll hits you from afar with a spear.
The gnoll hits you from afar with a spear!
The gnoll hits you with a spear.
* * * LOW HITPOINT WARNING * * *
The gnoll hits you with a spear!
* * * LOW HITPOINT WARNING * * *
Things that are here:
a halberd; a gnoll corpse You are too injured to fight recklessly!
You are too injured to fight recklessly!
The gnoll barely misses you.
The gnoll hits you from afar with a spear!
* * * LOW HITPOINT WARNING * * *
The gnoll hits you from afar with a spear!
You die...

##.###..# #.#.# ###
#....#..# #.#.# ..#
###..#.#..# #.#.#
#.###.........# #.#.#
..............# #.#.#
.............>#####.#.#
#.###...............#.#
#.#.........#.#######.#
#.#..........gg)@.....#
#.#...#.###.#.g########
#.#............#
........###.#.#######
#.###.#..............
#.#......##.#.########.#
..............#.........
....#...g.......#####..#
#.###.#...#.........# .#


You could see 3 gnolls.

Vanquished Creatures
  Sigmund (D:2)
  Eustachio (D:5)
  Menkaure (D:4)
  Edmund (D:5)
  2 orc warriors (D:6)
  A phantom (D:5)
  An ogre (D:5)
  A gnoll sergeant (D:6)
  A scorpion (D:6)
  A crimson imp (D:6)
  2 bullfrog skeletons (D:5)
  A hound (D:5)
  A bullfrog zombie (D:6)
  5 orc priests
  Ijyb (D:1)
  Natasha (thrice) (D:4 D:5)
  2 iguanas
  4 orc wizards
  A worker ant (D:5)
  A hound zombie (D:6)
  Robin (D:2)
  13 gnolls
  4 adders
  A shadow imp (D:6)
  7 worms
  A dart slug (D:1)
  3 leopard geckos
  11 orcs
  5 giant cockroaches
  11 goblins
  12 hobgoblins
  2 jackals (D:1)
  6 kobolds
  2 ball pythons
  6 bats
  8 frilled lizards
  A jackal skeleton (D:5)
  8 rats
134 creatures vanquished.

Notes
Turn   | Place    | Note
-------+----------+-------------------------------------------
     0 | D:1      | dobroeutro the Troll Monk began the quest for the Orb.
     0 | D:1      | Reached XP level 1. HP: 22/22 MP: 0/0
    73 | D:1      | Reached XP level 2. HP: 29/29 MP: 1/1
   682 | D:2      | Noticed Sigmund
   699 | D:2      | Killed Sigmund
   699 | D:2      | Reached skill level 1 in Armour
   699 | D:2      | Reached XP level 3. HP: 19/37 MP: 2/2
   699 | D:2      | Reached XP level 4. HP: 23/45 MP: 3/3
   699 | D:2      | Reached XP level 5. HP: 27/53 MP: 4/4
   802 | D:2      | Reached skill level 4 in Unarmed Combat
   822 | D:2      | Noticed Ijyb
   995 | D:2      | Noticed Robin
  1084 | D:1      | Killed Ijyb
  1341 | D:2      | Found a white marble altar of Elyvilon.
  1349 | D:2      | Killed Robin
  1477 | D:2      | Found a glowing silver altar of Zin.
  1606 | D:3      | Reached XP level 6. HP: 61/61 MP: 5/5
  1753 | D:3      | Found a stormy altar of Qazlal.
  1755 | D:3      | Noticed an air elemental
  1883 | D:3      | Found a shimmering altar of Xom.
  1884 | D:3      | Found a hazy altar of Hepliaklqana.
  1884 | D:3      | Noticed a hungry ghost
  1885 | D:3      | Noticed a hungry ghost
  1885 | D:3      | Noticed a spectral ugly thing
  1982 | D:3      | Noticed a fire elemental
  1982 | D:3      | Noticed a water elemental
  2323 | D:4      | Noticed Natasha
  2330 | D:4      | Killed Natasha
  2498 | D:4      | Noticed a moth of wrath
  2501 | D:4      | Found a bloodstained altar of Trog.
  2502 | D:4      | Noticed Menkaure
  2526 | D:4      | Killed Menkaure
  2526 | D:4      | Reached XP level 7. HP: 54/70 MP: 6/6
  2658 | D:4      | Noticed a dagger
  2660 | D:4      | Noticed a dagger
  2663 | D:4      | Found a hide-covered altar of Uskayaw.
  2895 | D:5      | Entered Level 5 of the Dungeon
  2901 | D:5      | Reached skill level 5 in Unarmed Combat
  2958 | D:5      | Noticed Eustachio
  2971 | D:5      | Killed Eustachio
  2987 | D:5      | Found Luemif's Magic Scroll Shop.
  2993 | D:5      | Found a shattered altar of Ashenzari.
  2996 | D:5      | Noticed a hill giant
  3147 | D:5      | Found a deep blue altar of Sif Muna.
  3175 | D:5      | Reached XP level 8. HP: 39/79 MP: 7/7
  3343 | D:5      | Noticed Edmund
  3354 | D:5      | Killed Edmund
  3566 | D:5      | Noticed Natasha
  3571 | D:5      | Killed Natasha
  3596 | D:5      | Bought a scroll of remove curse for 45 gold pieces
  3687 | D:5      | Noticed Natasha
  3696 | D:5      | Killed Natasha
  3696 | D:5      | Reached skill level 6 in Unarmed Combat
  3896 | D:6      | Found a staircase to the Ecumenical Temple.
  3958 | Temple   | Entered the Ecumenical Temple
  4000 | Temple   | Became a worshipper of Cheibriados the Contemplative
  4000 | Temple   | Reached * piety under Cheibriados
  4000 | Temple   | Reached ** piety under Cheibriados
  4036 | D:6      | Reached skill level 5 in Fighting
  4070 | D:6      | Reached skill level 5 in Dodging
  4204 | D:6      | Found a burning altar of Makhleb.
  4462 | D:6      | Slain by a gnoll

Vault maps used:
D:1:      doesnt_arrival_eight_statues
D:2:      lemuel_round_altar, zin_scriptorium, uniq_iyjb, uniq_robin,
          uniq_sigmund
D:3:      regret_index_temple_of_mockery, nicolae_qazlal_style_of_elements
D:4:      dancing_weapons_uskayaw, tgw_trog, uniq_menkaure, uniq_natasha
D:5:      cheibrodos_ashenzari_chains, overflow_temple_1_default, first_bread,
          serial_shops, nicolae_shop_window_shopping, minmay_holes, uniq_edmund,
          uniq_eustachio
D:6:      kennysheep_little_box
Temple:   eino_wide_crystal_templ

Skill      XL: |  1  2  3  4  5  6  7  8 |
---------------+-------------------------+-----
Fighting       | 3 4 5 |  5.4
Armour         | 1 2 3 4 |  4.4
Dodging        | 3 4 5 |  5.5
Unarmed Combat | 4 5 6 |  6.6
Stealth        | |  1.0

Action                   |  1- 3 |  4- 6 |  7- 9 || total
-------------------------+-------+-------+-------++-------
Melee: Unarmed           |    61 |   161 |   192 ||   414
       Punch             |     1 |     5 |     2 ||     8
  Use: Scroll            |       |     7 |     1 ||     8
 Stab: Sleeping          |     2 |     3 |     2 ||     7
  Eat: Bread ration      |     1 |       |       ||     1
       Chunk             |       |    20 |    21 ||    41
Armor: Robe              |    19 |    43 |    31 ||    93
Dodge: Dodged            |    20 |   113 |    90 ||   223
